 Dungeon Crawl Stone Soup version 0.26.0-10-g1f06aea511 (webtiles) character file.

Game seed: 12147613606430909594

397 MajorAdolf the Skirmisher (level 6, 0/46 (47) HPs)
             Began as a Demonspawn Wanderer on Jan 18, 2021.
             Slain by an adder (3 damage)
             ... on level 4 of the Dungeon.
             The game lasted 00:06:54 (5387 turns).

MajorAdolf the Skirmisher (Demonspawn Wanderer)     Turns: 5387, Time: 00:06:55

HP:   0/46 (47)     AC:  6    Str: 14    XL:     6   Next: 53%
MP:   6/6           EV: 11    Int: 14    God:
Gold: 226           SH:  0    Dex: 12    Spells: 4/5 levels left

rFire    . . .     SeeInvis .   i - +0 hand axe (freeze)
rCold    . . .     Faith    .   (no shield)
rNeg     . . .     Spirit   .   c - +0 ring mail
rPois    .         Reflect  .   (no helmet)
rElec    .         Harm     .   u - +0 cloak
rCorr    .         Rampage  .   (no gloves)
Will     .....     Rnd*Tele +   (no boots)
Stlth    +.........             (no amulet)
HPRegen  0.15/turn              q - ring of teleportation (curse)
MPRegen  0.10/turn              (no ring)

@: lethally poisoned (0 -> -2), attractive, lightly drained
A: hooves 2, demonic guardian 1
a: no special abilities


You were on level 4 of the Dungeon.
You visited 1 branch of the dungeon, and saw 4 of its levels.

You collected 226 gold pieces.

Inventory:

Hand Weapons
 a - a +2 hand crossbow
 e - a +0 dagger
 i - a +0 hand axe of freezing (weapon)
Missiles
 b - 47 bolts
Armour
 c - a +0 ring mail (worn)
 u - a +0 cloak (worn)
Jewellery
 q - a cursed ring of teleportation (left hand)
 s - an uncursed amulet of guardian spirit {unknown}
Scrolls
 f - 4 scrolls of remove curse {unknown}
 l - 2 scrolls of amnesia {unknown}
 m - a scroll of enchant weapon {unknown}
 n - a scroll of identify {unknown}
Potions
 d - 2 potions of haste
 g - a potion of heal wounds {unknown}
 h - a potion of resistance {unknown}
 j - a potion of attraction
 k - a potion of invisibility {unknown}
 o - a potion of mutation {unknown}
 p - a potion of magic {unknown}
 r - a potion of lignification {unknown}
 t - a potion of curing {unknown}


   Skills:
 + Level 3.3 Fighting
 * Level 3.0 Axes
 - Level 1.0 Crossbows
 + Level 3.0 Armour
 + Level 2.3 Dodging
 - Level 1.7 Stealth
 + Level 2.3 Shields
 - Level 1.0 Conjurations
 - Level 2.0 Summonings


You had 4 spell levels left.
You knew the following spells:

 Your Spells              Type           Power        Failure   Level
a - Summon Small Mammal   Summ           20%          26%         1

Your spell library contained the following spells:

 Spells                   Type           Power        Failure   Level
 Summon Guardian Golem    Hex/Summ       2%           75%         3


Dungeon Overview and Level Annotations

Branches:
Dungeon (4/15)
 Temple: D:4-7

Altars:
Cheibriados
Elyvilon
Hepliaklqana
Nemelex Xobeh
Qazlal
Ru
Sif Muna
Xom


Innate Abilities, Weirdness & Mutations

You have hoof-like feet.
A weak demonic guardian rushes to your aid.


Message History

Your quasit completely misses the ice beast.
The ice beast closely misses your quasit.
You feel sick.
Your quasit bites the ice beast but does no damage.
Your quasit claws the ice beast but does no damage. x2
The ice beast completely misses your quasit.
Your quasit bites the ice beast.
Your quasit closely misses the ice beast.
Your quasit claws the ice beast but does no damage.
It was a potion of attraction.
You feel attractive to monsters.
The ice beast barely misses your quasit.
Your quasit bites the ice beast but does no damage.
Your quasit claws the ice beast but does no damage. x2
The ice beast is pulled toward you! The adder is pulled toward you!
The frilled lizard is pulled toward you!
The ogre is pulled toward you!
Unknown command.
The adder bites you.
You die...

##....## #..#.#
##..#.### #.......###
### #..........
...#.....#.###
#.#.....#.# ##
#.......# ..####.@...#
# #.# #S#+###.# #.#
#....##.# #.#
##l.....>#
#.###.......## ##
#.##...Y.....# ...
#.†'....5....+
#.#######.##.........#
#..!..OO.l###.......##


You could see an adder and a frilled lizard.

Vanquished Creatures
  2 wights (D:3)
  6 gnolls
  7 adders
  3 oozes
  2 worms (D:2)
  5 dart slugs
  2 leopard geckos (D:2)
  2 orcs (D:3)
  2 ball pythons
  5 giant cockroaches
  6 goblins
  11 hobgoblins
  7 bats
  6 frilled lizards
  7 kobolds
  9 rats
82 creatures vanquished.

Vanquished Creatures (collateral kills)
  An ogre (D:4)
  3 wights (D:3)
  An adder (D:3)
  2 gnolls (D:3)
  A leopard gecko (D:4)
8 creatures vanquished.

Grand Total: 90 creatures vanquished

Notes
Turn   | Place    | Note
-------+----------+-------------------------------------------
     0 | D:1      | MajorAdolf the Demonspawn Wanderer began the quest for the
                  | Orb.
     0 | D:1      | MajorAdolf set off with the following items: a +2 hand
                  | crossbow, 29 bolts, a +0 ring mail, a +0 dagger; and the
                  | following spell memorised: Summon Small Mammal; and the
                  | following spells available to memorise: Summon Guardian
                  | Golem
     0 | D:1      | Reached XP level 1. HP: 16/16 MP: 1/1
   283 | D:1      | Gained mutation: A weak demonic guardian rushes to your
                  | aid. [demonic ancestry]
   283 | D:1      | Reached XP level 2. HP: 21/22 MP: 2/2
   852 | D:1      | Gained mutation: You have large cloven feet. [demonic
                  | ancestry]
   852 | D:1      | Reached XP level 3. HP: 27/28 MP: 3/3
   912 | D:1      | Reached skill level 1 in Dodging
   912 | D:1      | Reached skill level 1 in Shields
   940 | D:1      | Reached skill level 1 in Axes
  1326 | D:2      | Found a white marble altar of Elyvilon.
  1558 | D:2      | Reached XP level 4. HP: 15/34 MP: 4/4
  2627 | D:2      | Found a sparkling altar of Nemelex Xobeh.
  3093 | D:3      | Gained mutation: You have hoof-like feet. [demonic
                  | ancestry]
  3093 | D:3      | Reached XP level 5. HP: 13/40 MP: 5/5
  4171 | D:2      | Reached XP level 6. HP: 24/47 MP: 6/6
  5166 | D:3      | Found a stormy altar of Qazlal.
  5310 | D:4      | Found a snail-covered altar of Cheibriados.
  5310 | D:4      | Found a sacrificial altar of Ru.
  5310 | D:4      | Found a hazy altar of Hepliaklqana.
  5310 | D:4      | Found a shimmering altar of Xom.
  5310 | D:4      | Found a shimmering blue altar of Sif Muna.
  5359 | D:4      | Noticed an ice beast
  5387 | D:4      | Slain by an adder

Illustrated notes

Levels and vault maps discovered:
D:1:      wander_arrival_peaceful_grave, layout_loops_ring, minmay_misc_feat_x
D:2:      layout_basic, lemuel_crystal_altar, elyvilon_altar_3
D:3:      layout_basic, lemuel_coloured_pillars_altar
D:4:      layout_loops_corners, grunt_temple_overflow_open

Skill      XL: |  1  2  3  4  5  6 |
---------------+-------------------+-----
Armour         | 2 3 |  3.0
Dodging        | 1 2 |  2.3
Shields        | 1 2 |  2.3
Axes           | 1 2 3 |  3.0
Fighting       | 3 |  3.3
Crossbows      | |  1.0
Stealth        | |  1.7
Conjurations   | |  1.0
Summonings     | |  2.0

Action                   |  1- 3 |  4- 6 || total
-------------------------+-------+-------++-------
Melee: Hand axe          |   114 |   158 ||   272
       Kick              |    17 |    23 ||    40
 Fire: Hand crossbow     |     7 |       ||     7
  Use: Potion            |       |     1 ||     1
 Stab: Sleeping          |       |     1 ||     1
       Distracted        |       |     1 ||     1
Armor: Ring mail         |    38 |    55 ||    93
Dodge: Dodged            |    47 |   115 ||   162
